 Dungeon Crawl Stone Soup version 0.27-a0-406-g23f261fbd2 (webtiles) character file.

Game seed: 5539185451957828466

58 dickylongcocking the Chopper (level 3, 0/33 HPs)
             Began as a Palentonga Abyssal Knight on Feb 22, 2021.
             Was a Believer of Lugonu.
             Succumbed to an adder's poison
             ... on level 2 of the Dungeon.
             The game lasted 00:01:08 (1459 turns).

dickylongcocking the Chopper (PaAK)                 Turns: 1459, Time: 00:01:09

Health: 0/33       AC:  5    Str: 15    XL:     3   Next: 76%
Magic:  4/4        EV:  8    Int: 12    God:    Lugonu [**....]
Gold:   41         SH:  0    Dex: 10    Spells: 2/2 levels left

rFire    . . .     SeeInvis +   a - +1 hand axe
rCold    . . .     Faith    .   (no shield)
rNeg     . . .     Spirit   .   g - +0 ring mail
rPois    .         Reflect  .   (no helmet)
rElec    .         Harm     .   f - scarf {+Inv}
rCorr    .         Rampage  .   (no gloves)
Will     .....                  (no barding)
Stlth    ..........             (no amulet)
HPRegen  0.11/turn              (no ring)
MPRegen  0.09/turn              (no ring)

@: brilliant, lethally poisoned (0 -> -10)
A: large, rugged brown scales 3, see invisible, deformed body, roll 1, armoured
tail
a: Rolling Charge, Renounce Religion, Evoke Invisibility, Depart the Abyss, Bend
Space


You were on level 2 of the Dungeon.
You worshipped Lugonu.
Lugonu was pleased with you.
You visited 1 branch of the dungeon, and saw 2 of its levels.
You visited the Abyss 1 time.

You collected 41 gold pieces.

Inventory:

Hand Weapons
 a - a +1 hand axe (weapon)
Armour
 b - a +0 leather armour
 f - a scarf of invisibility (worn)
 g - a +0 ring mail (worn)
Jewellery
 c - a ring of ice
Scrolls
 d - a scroll of teleportation {unknown}
 e - 2 scrolls of identify {unknown}
 i - a scroll of noise {unknown}
 j - a scroll of blinking {unknown}
 k - a scroll of fog {unknown}
 l - 2 scrolls of enchant armour {unknown}
Potions
 h - a potion of brilliance


   Skills:
 - Level 3.0 Fighting
 * Level 4.2 Axes
 - Level 1.5 Armour
 - Level 0.7 Dodging
 - Level 2.0 Invocations


You had 2 spell levels left.
You didn't know any spells.
Your spell library was empty.

Dungeon Overview and Level Annotations

Branches:
Dungeon (2/15)

Altars:


Innate Abilities, Weirdness & Mutations

You are completely covered in rugged brown scales. (AC +3, +7% HP)
You have supernaturally acute eyesight. (SInv)
Armour fits poorly on your strangely shaped body.
You can roll at nearby foes to attack.
You have a long armoured tail.


Message History

The worm barely misses you. The adder barely misses you.
You hit the worm.
The worm is almost dead.
You barely miss the adder. The adder bites you.
You are poisoned.
The adder poisons you!
You hit the worm. You tail-slap the worm.
You kill the worm!
Lugonu accepts your kill.
You hit the adder but do no damage.
You feel sick. The adder bites you.
You are more poisoned.
The adder poisons you! The adder bites you.
* * * LOW HITPOINT WARNING * * *
You are more poisoned.
The adder poisons you!
It was a potion of brilliance.
You feel clever all of a sudden.
* * * LOW HITPOINT WARNING * * *
You feel sick. The adder closely misses you.
Okay, then.
You aren't carrying any items that you can evoke.
Unknown command.
Okay, then.
* * * LOW HITPOINT WARNING * * *
You feel sick.
There is a stone staircase leading up here.
You closely miss the adder.
* * * LOW HITPOINT WARNING * * *
You feel sick. The adder bites you but does no damage. The adder bites you.
* * * LOW HITPOINT WARNING * * *
Unknown command.
Okay, then.
You hit the adder.
Your tail-slap misses the adder.
The adder is heavily wounded.
* * * LOW HITPOINT WARNING * * *
You feel sick. The adder closely misses you.
Unknown command.
You hit the adder.
The adder is severely wounded.
You die...

#. ... .... #.## #.#
#.#.# .... #........
..... #.#.#.#.# .....
#..............
#.#.#.#.#......
#.!............
#.#.#.#S## #.....@..#
###.#.#.### #
#........#.#
##.#.#.#.#.###..
#...............
##.#.#.#.......#
#..............#
##.#.#.#.......#
#..............######


You could see an adder.

Vanquished Creatures
  An adder (D:2)
  An ooze (D:2)
  A worm (D:2)
  A dart slug (D:1)
  2 bats (D:1)
  4 giant cockroaches
  4 hobgoblins (D:1)
  6 jackals (D:2)
  5 kobolds
  A ball python (D:1)
  A frilled lizard (D:1)
  4 goblins
  5 rats
36 creatures vanquished.

Notes
Turn   | Place    | Note
-------+----------+-------------------------------------------
     0 | Abyss:1  | dickylongcocking the Palentonga Abyssal Knight began the
                  | quest for the Orb.
     0 | Abyss:1  | Reached XP level 1. HP: 20/20 MP: 2/2
     5 | D:1      | Escaped the Abyss
   100 | D:1      | Reached XP level 2. HP: 14/27 MP: 3/3
   349 | D:1      | Reached skill level 3 in Axes
   908 | D:1      | Reached ** piety under Lugonu
   965 | D:2      | Reached XP level 3. HP: 29/33 MP: 4/4
  1267 | D:2      | Reached skill level 4 in Axes
  1458 | D:2      | HP: 1/33 [poisoned by an adder]
  1459 | D:2      | Succumbed to an adder's poison

Illustrated notes

Levels and vault maps discovered:
D:1:      lemuel_arrival_muddy, layout_loops_ring, minmay_pentomino_q2
D:2:      layout_basic, st_stairs_12, uniq_crazy_yiuf_cottage

Skill      XL: |  1  2  3 |
---------------+----------+-----
Axes           | 3 4 |  4.2
Fighting       | |  3.0
Armour         | |  1.5
Dodging        | |  0.7
Invocations    | |  2.0

Action                   || total
-------------------------++-------
Melee: Hand axe          ||   109
       Tailslap          ||     9
  Use: Potion            ||     1
Armor: Leather armour    ||    10
       Ring mail         ||    39
Dodge: Dodged            ||    62

Table legend: (Time is in decaauts)
 A = Elapsed time spent in this place.
 B = Non-inter-level travel time spent in this place.
 C = Inter-level travel time spent in this place.
 D = Time resting spent in this place.
 E = Time spent auto-exploring this place.
 F = Levels seen in this place.
 G = Mean time per level.
                   A        B        C        D        E       F      G
               +--------+--------+--------+--------+--------+-----+--------+
         Total |   1475 |   1462 |     13 |      0 |   1205 |   3 |  491.7 |
       Dungeon |   1470 |   1457 |     13 |      0 |   1202 |   2 |  735.0 |
         Abyss |      5 |      5 |      0 |      0 |      3 |   1 |    5.0 |
               +--------+--------+--------+--------+--------+-----+--------+

Top non-repeatable levels by time:
     D:1: 956 daAuts
     D:2: 514 daAuts
 Abyss:1: 5 daAuts
